 Dungeon Crawl Stone Soup version 0.29.1-14-g9c671dbff4 (webtiles) character file.

Game seed: 3549604391574156232

32 KittyFluff the Trooper (level 3, -3/36 HPs)
             Began as a Gargoyle Berserker on Feb 15, 2023.
             Was a Follower of Trog.
             Slain by an iron imp (8 damage)
             ... summoned by Natasha
             ... on level 2 of the Dungeon.
             The game lasted 00:04:47 (1243 turns).

KittyFluff the Trooper (Gargoyle Berserker)         Turns: 1243, Time: 00:04:47

Health: -3/36      AC:  6    Str: 20    XL:     3   Next: 27%
Magic:  3/3        EV: 12    Int:  7    God:    Trog [*.....]
Gold:   129        SH:  0    Dex: 11    Spells: 2/2 levels left

rFire   . . .      SeeInvis .   a - +0 mace
rCold   . . .      Faith    .   (no shield)
rNeg    + . .      Spirit   .   b - +0 animal skin
rPois   ∞          Reflect  .   (no helmet)
rElec   +          Harm     .   (no cloak)
rCorr   .          Rampage  .   (no gloves)
Will    .....                   n - +0 pair of boots
Stlth   ..........              (no amulet)
HPRegen 0.12/turn               (no ring)
MPRegen 0.08/turn               (no ring)

@: berserking, very quick
A: sickness immunity, AC +3, negative energy resistance 1, electricity
resistance, torment resistance 1, petrification resistance
a: Renounce Religion, Berserk


You were on level 2 of the Dungeon.
You worshipped Trog.
Trog was aware of your devotion.
You visited 1 branch of the dungeon, and saw 2 of its levels.

You collected 129 gold pieces.

Inventory:

Hand Weapons
 a - a +0 mace (weapon)
Missiles
 i - 31 stones (quivered)
 l - 6 poisoned darts
Armour
 b - a +0 animal skin (worn)
 c - a +0 ring mail
 n - a +0 pair of boots (worn)
Scrolls
 d - 2 scrolls of teleportation {unknown}
 g - a scroll of identify {unknown}
 h - 4 scrolls of magic mapping
 j - a scroll of enchant armour {unknown}
 m - a scroll of amnesia {unknown}
Potions
 e - 2 potions of berserk rage {unknown}
 f - a potion of cancellation {unknown}
 k - 2 potions of curing {unknown}
 o - a potion of heal wounds {unknown}


   Skills:
 + Level 3.6 Fighting
 + Level 3.4 Maces & Flails
 * Level 2.5 Armour
 + Level 2.0 Dodging
 + Level 0.4 Stealth


You had 2 spell levels left.
You didn't know any spells.
Your spell library was empty.

Dungeon Overview and Level Annotations

Branches:
Dungeon (2/15)

Altars:

Annotations:
D:2 Natasha


Innate Abilities, Weirdness & Mutations

You are immune to sickness and miasma.
Your stone body is resilient. (AC +3)
You are immune to poison.
You resist negative energy. (rN+)
You are resistant to electric shocks. (rElec)
You are resistant to unholy torment.
You are immune to petrification.


Message History

a +0 dagger; a goblin corpse
Found a stone staircase leading up.
Found a silvery potion.
o - a silvery potion
Found a short sword.
Found 15 gold pieces and a robe.
Found a stone staircase leading down.
You see here a +0 short sword.
Found a stone staircase leading up.
You now have 129 gold pieces (gained 12).
Found 7 stones.
Natasha, Servant of Life and Death comes into view.
Natasha hisses angrily.
Natasha casts a spell.
You see here 7 stones.
i - 31 stones (gained 7)
You closely miss Natasha. Natasha claws you.
You closely miss Natasha. Natasha claws you.
You miss Natasha. Natasha claws you but does no damage.
Natasha casts a spell at you. The magic dart hits you.
You closely miss Natasha.
Natasha mewls in sadness.
Natasha claws you.
* * * LOW HITPOINT WARNING * * *
You hit Natasha.
Natasha is lightly wounded.
The iron imp barely misses you. Natasha closely misses you.
You hit Natasha but do no damage.
Natasha is lightly wounded.
Natasha closely misses you. The iron imp misses you.
A red film seems to cover your vision as you go berserk!
You feel yourself moving faster!
You feel mighty! Natasha closely misses you. The iron imp closely misses you.
You completely miss Natasha.
Natasha is lightly wounded.
Natasha claws you.
* * * LOW HITPOINT WARNING * * *
The iron imp hits you!
You die...

###.........##...,....,* *,,,
#...........#,,,......,* *,,,
#......####.#,,,......,* *,,,
#......# #.#,,,......,******,,,
#......# #.#,,,.....,,*,,,,,,,,
#......####.####....,,,*,,,,,,,,
#......#........#,..##**,,,,,,**
#......#......5h#**..# ********
####.#.#.......@# *#.####* ***
#.#...<#.########....,* *,,
#.######.# #.......#,*****,,
#......#.# #.......#,,,,**,,
######.#.# #.......#***,**,,
#....#.#.####.......####..#,,
#.##.#.#...................,,
#.##.#......#.......######.,*
#.##.#......#..............,,


You could see an iron imp (summoned) and Natasha.

Vanquished Creatures
  2 adders (D:2)
  4 ball pythons
  A goblin (D:2)
  A hobgoblin (D:2)
  2 quokkas (D:1)
  3 bats (D:1)
  2 frilled lizards (D:2)
  2 rats
17 creatures vanquished.

Notes
Turn   | Place    | Note
-------+----------+-------------------------------------------
     0 | D:1      | KittyFluff the Gargoyle Berserker began the quest for the
                  | Orb.
     0 | D:1      | Reached XP level 1. HP: 14/14 MP: 1/1
    69 | D:1      | Found a faded altar of an unknown god.
   506 | D:1      | Reached XP level 2. HP: 15/19 MP: 2/2
   906 | D:2      | Reached XP level 3. HP: 23/23 MP: 3/3
  1231 | D:2      | Noticed Natasha
  1243 | D:2      | Slain by an iron imp

Illustrated notes

Levels and vault maps discovered:
D:1:      nicolae_arrival_memento_mori, layout_basic,
          hellmonk_ecumenical_altar_heavens_door
D:2:      layout_basic, minmay_small_reverse_x, uniq_natasha

Skill      XL: |  1  2 |
---------------+-------+-----
Dodging        | 2 |  2.0
Fighting       | |  3.6
Maces & Flails | |  3.4
Armour         | |  2.5
Stealth        | |  0.4

Action                   || total
-------------------------++-------
Melee: Mace              ||    63
Invok: Berserk           ||     1
  Use: Scroll            ||     1
 Stab: Sleeping          ||     1
Armor: Animal skin       ||    29
Dodge: Dodged            ||    51
